 Dungeon Crawl Stone Soup version 0.23-a0-644-gb60d84b (webtiles) character file.

154 Azzok the Chopper (level 5, -1/46 HPs)
             Began as a Deep Dwarf Berserker on Jan 1, 2019.
             Was a Believer of Trog.
             Slain by a worm (9 damage)
             ... on level 2 of the Dungeon.
             The game lasted 00:02:41 (1003 turns).

Azzok the Chopper (Deep Dwarf Berserker)            Turns: 1003, Time: 00:02:41

Health: -1/46      AC:  3    Str: 21    XL:     5   Next: 13%
Magic:  5/5        EV: 11    Int:  8    God:    Trog [**....]
Gold:   38         SH:  3    Dex: 12    Spells: 4/4 levels left

rFire    . . .     SeeInvis .   a - +0 hand axe
rCold    . . .     Gourm    .   h - +0 buckler (curse)
rNeg     . . .     Faith    .   b - +0 animal skin
rPois    .         Spirit   .   (no helmet)
rElec    .         Reflect  .   (no cloak)
rCorr    .         Harm     .   k - +0 pair of gloves
MR       .....                  (no boots)
Stlth    +.........             (no amulet)
HPRegen  0.00/turn              l - +5 ring of slaying
MPRegen  0.09/turn              (no ring)

@: non-regenerating
A: damage resistance, heal wounds, sense surroundings 1, no regeneration
a: Heal Wounds, Berserk, Trog's Hand, Renounce Religion


You were on level 2 of the Dungeon.
You worshipped Trog.
Trog was pleased with you.
You were not hungry.

You visited 1 branch of the dungeon, and saw 2 of its levels.

You collected 38 gold pieces.

Inventory:

Hand Weapons
 a - a +0 hand axe (weapon)
Armour
 b - a +0 animal skin (worn)
 h - a cursed +0 buckler (worn)
 k - a +0 pair of gloves (worn)
Jewellery
 l - a +5 ring of slaying (left hand)
Scrolls
 d - a scroll of enchant weapon {unknown}
 e - 3 scrolls of identify {unknown}
 g - a scroll of magic mapping {unknown}
 i - a scroll of remove curse {unknown}
 m - a scroll of teleportation {unknown}
Potions
 j - 2 potions of curing {unknown}
 n - a potion of haste {unknown}
Comestibles
 c - 3 rations
 f - 5 chunks of flesh


   Skills:
 - Level 2.6 Fighting
 + Level 6.4 Axes
 - Level 2.1 Armour
 - Level 2.1 Dodging


You had 4 spell levels left.
You didn't know any spells.
Your spell library was empty.

Dungeon Overview and Level Annotations

Branches:
Dungeon (2/15)

Altars:


Innate Abilities, Weirdness & Mutations

You are resistant to damage.
You can heal yourself by infusing magical energy.
You passively map a small area around you.
You do not regenerate.


Message History

The hobgoblin shouts!
The hobgoblin hits you with a +0 club.
You slash the hobgoblin!
You kill the hobgoblin!
Trog accepts your kill.
You see here a +0 club.
A worm comes into view.
Found a stone staircase leading down.
You hit the worm.
The worm is lightly wounded.
You hit the worm.
The worm is heavily wounded.
The worm bites you!
* * * LOW HITPOINT WARNING * * *
You hit the worm.
The worm is severely wounded.
You hit the worm but do no damage.
The worm is severely wounded.
The worm bites you!
You die...

◦ ▒·▒ ◦◦ ░░ ░ ▒·▒ ◦◦
▒╬░ ▒·▒ ▒·▒ ▒·▒ ░ ··
▒·▒ ▒·▒▒▒▒▒▒····
▒▒·▒▒▒········▒
▒▒···▒▒▒·▒·▒▒▒▒▒
▒·····▒·▒▒▒·▒▒▒▒>▒
▒▒▒▒▒···▒·▒▒ ▒▒·@w··▒
······^····▒░▒·▒▒▒▒▒▒
▒▒▒▒▒▒·▒▒▒▒·▒·▒ ▒·▒
░▒·▒ ▒·▒ ▒▒▒
▒▒▒▒·▒▒▒▒▒
▒········▒▒
▒·········▒
▒··▒·▒▒▒··▒ ▒▒▒ ▒▒▒


You could see a worm.

Vanquished Creatures
  A phantom (D:2)
  An adder (D:2)
  2 oozes
  A dart slug (D:1)
  2 leopard geckos
  2 bats (D:1)
  3 giant cockroaches
  7 goblins
  5 hobgoblins
  5 jackals
  5 kobolds
  A ball python (D:1)
  3 frilled lizards
  4 rats
  A plant (D:2)
43 creatures vanquished.

Notes
Turn   | Place    | Note
-------+----------+-------------------------------------------
     0 | D:1      | Azzok the Deep Dwarf Berserker began the quest for the Orb.
     0 | D:1      | Reached XP level 1. HP: 20/20 MP: 1/1
     2 | D:1      | Noticed a felid
     3 | D:1      | Noticed a halfling
     5 | D:1      | Noticed a troll
     5 | D:1      | Noticed a ghoul
     7 | D:1      | Noticed a tengu
     7 | D:1      | Noticed a merfolk
     9 | D:1      | Noticed a gargoyle
    11 | D:1      | Noticed a naga
    11 | D:1      | Noticed an elf
    14 | D:1      | Noticed a vampire
    14 | D:1      | Noticed a draconian
    16 | D:1      | Noticed a dwarf
    16 | D:1      | Noticed a minotaur
    18 | D:1      | Noticed an octopode
    18 | D:1      | Noticed a human
    20 | D:1      | Noticed an ogre
    20 | D:1      | Noticed a vine stalker
    22 | D:1      | Noticed a formicid
    25 | D:1      | Noticed a spriggan
    25 | D:1      | Noticed a centaur
    27 | D:1      | Noticed a demonspawn
    29 | D:1      | Noticed a demigod
    51 | D:1      | Reached skill level 4 in Axes
    51 | D:1      | Reached XP level 2. HP: 25/27 MP: 2/2
   335 | D:1      | Reached XP level 3. HP: 31/33 MP: 3/3
   420 | D:1      | Reached ** piety under Trog
   770 | D:2      | Noticed a phantom
   780 | D:2      | Killed a phantom
   780 | D:2      | Reached skill level 6 in Axes
   780 | D:2      | Reached XP level 4. HP: 25/40 MP: 4/4
   861 | D:2      | Reached XP level 5. HP: 25/46 MP: 5/5
  1003 | D:2      | Slain by a worm

Vault maps used:
D:1:      kb_arrival_jail
D:2:      first_ration, serial_bayou_lagoon_a

Skill      XL: |  1  2  3 |
---------------+----------+-----
Axes           | 4 6 |  6.4
Fighting       | |  2.6
Armour         | |  2.1
Dodging        | |  2.1

Action                   |  1- 3 |  4- 6 || total
-------------------------+-------+-------++-------
Melee: Hand axe          |   105 |    37 ||   142
Invok: Berserk           |     2 |     1 ||     3
 Abil: Heal Wounds       |     1 |       ||     1
  Eat: Chunk             |     1 |     2 ||     3
Armor: Animal skin       |    14 |     4 ||    18
Dodge: Dodged            |    47 |    22 ||    69
Block: Buckler           |    14 |     3 ||    17

Table legend:
 A = Non-vault XP
 B = Vault XP
 C = Vault XP percentage of total XP
 D = Non-vault monster count
 E = Vault monster count
 F = Vault count percentage of total count
                 A         B        C        D         E       F
            +---------+---------+-------+---------+---------+-------
      Total |     220 |       0 |   0.0 |      42 |       0 |   0.0
            +---------+---------+-------+---------+---------+-------
        D:1 |      55 |       0 |   0.0 |      28 |       0 |   0.0
        D:2 |     165 |       0 |   0.0 |      14 |       0 |   0.0
            +---------+---------+-------+---------+---------+-------
